 Dungeon Crawl Stone Soup version 0.26.0-45-g9c1d065592 (webtiles) character file.

Game seed: 6743450768606772972

70 promet the Skirmisher (level 4, 0/50 HPs)
             Began as an Ogre Berserker on Jan 30, 2021.
             Was a Believer of Trog.
             Slain by an adder (1 damage)
             ... on level 2 of the Dungeon.
             The game lasted 00:08:49 (1726 turns).

promet the Skirmisher (Ogre Berserker)              Turns: 1726, Time: 00:08:50

Health: 0/50       AC:  3    Str: 21    XL:     4   Next: 21%
Magic:  4/4        EV: 10    Int:  9    God:    Trog [**....]
Gold:   72         SH:  0    Dex:  8    Spells: 3/3 levels left

rFire    . . .     SeeInvis .   a - +0 hand axe
rCold    . . .     Faith    .   (no shield)
rNeg     . . .     Spirit   .   b - +0 animal skin
rPois    .         Reflect  .   (helmet restricted)
rElec    .         Harm     .   (no cloak)
rCorr    .         Rampage  .   (gloves unavailable)
Will     .....                  (boots unavailable)
Stlth    +.........             (no amulet)
HPRegen  0.16/turn              (no ring)
MPRegen  0.09/turn              (no ring)

@: lethally poisoned (0 -> -18)
A: large, unfitting armour, tough skin 1
a: Renounce Religion, Berserk, Trog's Hand


You were on level 2 of the Dungeon.
You worshipped Trog.
Trog was pleased with you.
You visited 1 branch of the dungeon, and saw 2 of its levels.

You collected 72 gold pieces.

Inventory:

Hand Weapons
 a - a +0 hand axe (weapon)
 f - a +0 hunting sling
Missiles
 c - 61 stones (quivered)
 e - 21 arrows
 g - 49 bolts
Armour
 b - a +0 animal skin (worn)
Jewellery
 d - an uncursed ring of wizardry


   Skills:
 * Level 5.1 Fighting
 + Level 3.4 Axes
 + Level 3.5 Dodging


You had 3 spell levels left.
You didn't know any spells.
Your spell library was empty.

Dungeon Overview and Level Annotations

Branches:
Dungeon (2/15)

Altars:
Okawaru


Innate Abilities, Weirdness & Mutations

You are too large for most types of armour.
You have tough skin. (AC +1)


Message History

You barely miss the adder.
The adder is almost dead.
* * * LOW HITPOINT WARNING * * *
You feel sick. The adder bites you.
* * * LOW HITPOINT WARNING * * *
You are more poisoned.
The adder poisons you! The adder bites you.
* * * LOW HITPOINT WARNING * * *
You are more poisoned.
The adder poisons you!
As you read the scroll labelled OGOLUO LAOT, it crumbles to dust.
You feel aware of your surroundings.
It was a scroll of magic mapping.
* * * LOW HITPOINT WARNING * * *
You feel sick. The adder bites you.
* * * LOW HITPOINT WARNING * * *
You completely miss the adder.
The adder is almost dead.
* * * LOW HITPOINT WARNING * * *
You feel sick. The adder barely misses you. The adder bites you.
You die...

...##### #.#
.......# #.#*
...###.# #..#*
#.#.##.####...##*##
#.......,.......,.#
....##..#...♣...#.#
...........♣.♣....#
#.#####..,♣.♣.♣.S.#
#.# *,,,*.♣.♣.♣@.#
#.# **,,*.♣._.♣.♣.#
#.#**,,,.♣.♣.♣.♣..#
#.#*,,,,..♣.♣.♣...#
#.#,,,,,...♣.♣....#
#.##,,,,*...♣...#.#
...##,*,,.........#
....#,**##.###.#.##
...##,* #.......#


You could see an adder.

Vanquished Creatures
  A gnoll (D:1)
  2 worms (D:2)
  3 dart slugs (D:1)
  3 leopard geckos
  7 bats
  2 giant cockroaches (D:1)
  6 goblins
  3 hobgoblins
  4 kobolds (D:1)
  A quokka (D:2)
  6 frilled lizards
  9 rats
47 creatures vanquished.

Notes
Turn   | Place    | Note
-------+----------+-------------------------------------------
     0 | D:1      | promet the Ogre Berserker began the quest for the Orb.
     0 | D:1      | Reached XP level 1. HP: 24/24 MP: 1/1
   107 | D:1      | Reached XP level 2. HP: 30/32 MP: 2/2
   358 | D:1      | Reached XP level 3. HP: 32/40 MP: 3/3
  1294 | D:2      | Reached ** piety under Trog
  1439 | D:2      | Reached XP level 4. HP: 40/49 MP: 4/4
  1449 | D:2      | Reached skill level 5 in Fighting
  1693 | D:2      | Found an iron altar of Okawaru.
  1725 | D:2      | HP: 2/50 [adder (1)]
  1726 | D:2      | Slain by an adder

Illustrated notes

Levels and vault maps discovered:
D:1:      dpeg_arrival_erosion, layout_basic, palyth_stone_intersect,
          minmay_misc_feat_tower
D:2:      layout_loops_corners, okawaru_trees_2, chequers_serial_rivers_large_a,
          amcnicky_mini_corridor_feature

Skill      XL: |  1  2  3  4 |
---------------+-------------+-----
Dodging        | 3 |  3.5
Fighting       | 5 |  5.1
Axes           | |  3.4

Action                   |  1- 3 |  4- 6 || total
-------------------------+-------+-------++-------
Melee: Hand axe          |   161 |    38 ||   199
Throw: Stone             |       |     5 ||     5
  Use: Scroll            |     3 |     1 ||     4
Armor: Animal skin       |    66 |    21 ||    87
Dodge: Dodged            |   113 |    18 ||   131
